AoeStats
← Marbas

Hideout

508032715Analyzed
1v1 RM · 12d ago on Sep 20, 2026· 41m 12s· 2 players
Game mode
Random Map
Map size
Tiny (2 player)
Population
200
Speed
Normal
Resources
Standard
Victory
Conquest
Starting age
Dark Age
Ending age
Imperial Age
RankedLock teamsTeams togetherTeam positionsShared explorationLock speedFull tech treeHidden civsTurbo modeCheats
Victory
Defeat
🇷🇺 Romans · Russia
1762
+21
🇦🇷 Bohemians · Argentina
1875
-21
NachoMontes
10:35 Feudal Age
12:01 Double-Bit Axe
14:33 Castle Age
13:21 Loom
20:06 Redemption
20:53 Sanctity
22:37 Fervor
41:28 Imperial Age
Marbas
10:07 Feudal Age
10:37 Double-Bit Axe
10:22 Man-at-Arms
10:54 Horse Collar
12:22 Scale Mail Armor
15:29 Fletching
20:26 Castle Age
19:34 Padded Archer Armor
19:31 Gold Mining
21:03 Bodkin Arrow
20:55 Crossbowman
22:29 Bow Saw
25:15 Padded Archer Armor
25:53 Gold Shaft Mining
29:53 Ballistics
29:57 Leather Archer Armor
32:12 Forging
32:32 Light Cavalry
39:53 Imperial Age
38:24 Scale Barding Armor
40:43 Chain Barding Armor
40:30 Stone Mining
42:22 Wheelbarrow
Connection lost

Rejoining the realm…

Still unreachable

The connection could not be restored.

Session expired

The server has moved on; the page needs a fresh start.